 Dungeon Crawl Stone Soup version 0.26-a0-651-gb41185065b (webtiles) character file.

Game seed: 13514587239704471330

37 Lanoc the Skirmisher (level 3, -3/34 HPs)
             Began as a Naga Fighter on Oct 19, 2020.
             Killed by nerve-wracking pain
             ... invoked by Grinder
              (11 damage)
             ... while paralysed by Grinder
             ... on level 3 of the Dungeon.
             The game lasted 00:01:37 (417 turns).

Lanoc the Skirmisher (Naga Fighter)                  Turns: 417, Time: 00:01:38

Health: -3/34      AC:  4    Str: 18    XL:     3   Next: 41%
Magic:  3/3        EV:  1    Int:  8    God:
Gold:   65         SH:  0    Dex: 11    Spells: 2/2 levels left

rFire    . . .     SeeInvis +   a - +0 long sword
rCold    . . .     Faith    .   c - +0 kite shield
rNeg     . . .     Spirit   .   b - +0 scale mail
rPois    +         Reflect  .   (no helmet)
rElec    .         Harm     .   (no cloak)
rCorr    .         Rampage  .   (no gloves)
MR       .....                  (no barding)
Stlth    ..........             e - amulet of regeneration
HPRegen  0.51/turn              (no ring)
MPRegen  0.08/turn              (no ring)

@: paralysed, mighty, lightly drained, very slow
A: large, see invisible, deformed body, poison resistance, slowness 2, spit
poison 1, AC +1
a: Spit Poison


You were on level 3 of the Dungeon.
You visited 1 branch of the dungeon, and saw 3 of its levels.

You collected 65 gold pieces.

Inventory:

Hand Weapons
 a - a +0 long sword (weapon)
Armour
 b - a +0 scale mail (worn)
 c - a +0 kite shield (worn)
Jewellery
 e - an amulet of regeneration (around neck)
Wands
 h - a wand of enslavement (10)
Scrolls
 f - a scroll of enchant armour {unknown}
 g - a scroll of teleportation {unknown}


   Skills:
 + Level 3.4(3.1) Fighting
 + Level 2.6(2.3) Long Blades
 - Level 2.4(2.0) Armour
 + Level 1.2(0.8) Dodging
 - Level 2.4(2.0) Shields


You had 2 spell levels left.
You didn't know any spells.
Your spell library was empty.

Dungeon Overview and Level Annotations

Branches:
Dungeon (3/15)

Altars:
Uskayaw

Annotations:
D:3 Grinder


Innate Abilities, Weirdness & Mutations

You cannot wear boots.
Your serpentine skin is tough. (AC +1)
You have supernaturally acute eyesight. (SInv)
Armour fits poorly on your strangely shaped body.
Your system is resistant to poisons. (rPois)
You cover ground very slowly.
You can spit poison.


Message History

Grinder hits you but does no damage.
You hit Grinder.
Grinder is heavily wounded.
Grinder barely misses you.
You riposte.
You slash Grinder!
Grinder is severely wounded.
Grinder gestures at you. You resist with significant effort.
You barely miss Grinder.
Grinder is severely wounded.
Grinder gestures at you.
You suddenly lose the ability to move!
Grinder hits you!
You writhe in agony.
Grinder hits you but does no damage. Grinder hits you.
You writhe in agony.
Grinder gestures at you. Pain shoots through your body!
* * * LOW HITPOINT WARNING * * *
Grinder gestures at you. Pain shoots through your body!
You die...

.# .# ... .. ..#
#.#######.##..#
#.......#.......##
#.#.##...........#
#.#.##.........#
#.#.##.........#
#.#.##...5@....#
#.#.###.#)#.#+##
##.#.###.#.#.#
#.<<.....#.#.#
##.##..#######.#.#
................#.#
###.##.#.##.....#.#
# #...........#.#
####.#.######.


You could see Grinder.

Vanquished Creatures
  An adder (D:2)
  A worm (D:2)
  A leopard gecko (D:3)
  A giant cockroach (D:2)
  4 hobgoblins (D:2)
  3 jackals (D:2)
  A quokka (D:2)
  3 bats
  A frilled lizard (D:2)
  A goblin (D:3)
  7 kobolds
  2 rats
26 creatures vanquished.

Notes
Turn   | Place    | Note
-------+----------+-------------------------------------------
     0 | D:1      | Lanoc the Naga Fighter began the quest for the Orb.
     0 | D:1      | Reached XP level 1. HP: 21/21 MP: 1/1
   122 | D:2      | Reached XP level 2. HP: 28/28 MP: 2/2
   129 | D:2      | Found a hide-covered altar of Uskayaw.
   248 | D:2      | Reached skill level 1 in Dodging
   258 | D:2      | Reached XP level 3. HP: 34/34 MP: 3/3
   383 | D:3      | Noticed Grinder
   397 | D:3      | Paralysed by Grinder for 6 turns
   406 | D:3      | Paralysed by Grinder for 4 turns
   412 | D:3      | Paralysed by Grinder for 6 turns
   417 | D:3      | Killed from afar by Grinder

Illustrated notes

Levels and vault maps discovered:
D:1:      matt_arrival_spirals, layout_basic, minmay_misc_feat_alley
D:2:      layout_basic, overflow_temple_1_default
D:3:      layout_basic, skrybe_limestone_x, uniq_grinder

Skill      XL: |  1  2 |
---------------+-------+-----
Dodging        | 1 |  1.2
Fighting       | |  3.4
Long Blades    | |  2.6
Armour         | |  2.4
Shields        | |  2.4

Action                   || total
-------------------------++-------
Melee: Long sword        ||    83
 Abil: Spit Poison       ||    12
  Use: Potion            ||     1
Armor: Scale mail        ||    48
Dodge: Dodged            ||    25
Block: Kite shield       ||    50
       Rpst.: Long sword ||     7

Table legend: (Time is in decaauts)
 A = Elapsed time spent in this place.
 B = Non-inter-level travel time spent in this place.
 C = Inter-level travel time spent in this place.
 D = Time resting spent in this place.
 E = Time spent auto-exploring this place.
 F = Levels seen in this place.
 G = Mean time per level.
                   A        B        C        D        E       F      G
               +--------+--------+--------+--------+--------+-----+--------+
         Total |    545 |    517 |     28 |      0 |    273 |   3 |  181.7 |
       Dungeon |    545 |    517 |     28 |      0 |    273 |   3 |  181.7 |
               +--------+--------+--------+--------+--------+-----+--------+

Top non-repeatable levels by time:
     D:2: 360 daAuts
     D:1: 109 daAuts
     D:3: 76 daAuts
